 Dungeon Crawl Stone Soup version 0.31-a0-246-g8cbcc1cb85 (webtiles) character file.

Game seed: 7867738547179607836

375 qw the Shooter (level 6, -3/55 HPs)
             Began as a Minotaur Hexslinger on July 12, 2023.
             Slain by an iron imp (5 damage)
             ... summoned by Eustachio
             ... on level 3 of the Dungeon.
             The game lasted 00:01:29 (2906 turns).

qw the Shooter (Minotaur Hexslinger)                Turns: 2906, Time: 00:01:30

Health: -3/55      AC:  6    Str: 11 (13) XL:     6   Next: 44%
Magic:  6/6        EV: 10    Int:  9 (10) God:
Gold:   179        SH:  0    Dex: 11 (14) Spells: 6/7 levels left

rFire   . . .        Y - +2 sling
rCold   . . .        (no shield)
rNeg    . . .        b - +0 ring mail
rPois   .            (helmet restricted)
rElec   .            (no cloak)
rCorr   .            g - +0 pair of gloves
SInv    .            (no boots)
Will    .....        (no amulet)
Stlth   +            (no ring)
HPRegen 0.29/turn    (no ring)
MPRegen 0.10/turn

%: no passive effects
@: no status effects
A: horns 2, retaliatory headbutt
a: no special abilities


You were on level 3 of the Dungeon.
You visited 1 branch of the dungeon, and saw 4 of its levels.

You collected 215 gold pieces.
You spent 36 gold pieces at shops.


Innate Abilities, Weirdness & Mutations

You have a pair of horns on your head.
You reflexively headbutt those who attack you in melee.


   Skills:
 - Level 4.8 Fighting
 + Level 6.0 Ranged Weapons
 - Level 1.2 Armour
 - Level 2.1 Dodging
 - Level 1.0 Spellcasting
 - Level 2.0 Hexes


You had 6 spell levels left.
You knew the following spells:

 Your Spells              Type           Power      Damage    Failure   Level
a - Slow                  Hex            16%        N/A       36%         1

Your spell library contained the following spells:

 Spells                   Type           Power      Damage    Failure   Level
 Inner Flame              Hex/Fire       2%         N/A       86%         3
 Portal Projectile        Hex/Tloc       4%         N/A       86%         3
 Cause Fear               Hex            2%         N/A       98%         4

Inventory:

Hand Weapons
 Y - a +2 sling (weapon)
Armour
 b - a +0 ring mail (worn)
 g - a +0 pair of gloves (worn)
Potions
 a - a potion of cancellation {unknown}
 c - a potion of curing {unknown}
 e - a potion of haste {unknown}
 f - a potion of resistance {unknown}
 i - a potion of might {unknown}
 j - a potion of invisibility {unknown}
 k - a potion of mutation {unknown}
 l - a potion of lignification {unknown}

Dungeon Overview and Level Annotations

Branches:
Dungeon (4/15)
 Temple: D:4-7

Altars:

Shops:
D:1 ?

Annotations:
D:3 exclusion: orc priest, Eustachio


Message History

You shoot a sling bullet.
The sling bullet closely misses Eustachio.
Eustachio hits you but does no damage.
The crimson imp blinks!
Eustachio hits you with a +0 rapier.
You shoot a sling bullet.
The sling bullet barely misses Eustachio.
The crimson imp blinks!
Eustachio hits you with a +0 rapier. The iron imp closely misses you.
You shoot a sling bullet.
The sling bullet closely misses Eustachio.
The sling bullet closely misses the quasit.
Eustachio hits you with a +0 rapier. The iron imp hits you!
You shoot a sling bullet.
The sling bullet closely misses Eustachio.
The sling bullet closely misses the quasit.
Eustachio closely misses you. The iron imp hits you.
You shoot a sling bullet.
The sling bullet hits Eustachio but does no damage.
Eustachio is almost dead.
Eustachio hits you with a +0 rapier. The iron imp hits you.
You shoot a sling bullet.
The sling bullet barely misses Eustachio.
The sling bullet misses the quasit.
Eustachio mumbles some strange words.
Eustachio blinks!
Eustachio casts a spell.
Eustachio blinks!
The iron imp closely misses you. You furiously retaliate!
You headbutt the iron imp! You shoot a sling bullet.
The sling bullet hits the iron imp.
The iron imp is severely wounded.
The quasit bites you. The quasit misses you. The quasit barely misses you.
The crimson imp blinks!
Eustachio mumbles some strange words.
Eustachio blinks!
The quasit barely misses you.
The quasit claws you but does no damage. x2
You shoot a sling bullet. The sling bullet hits the iron imp.
The iron imp is almost dead.
The iron imp shouts, "Leave, thou pribbling fen-sucked rump-roast!"
The iron imp hits you.
You die...

..#####....#.##.######
.%...#####..¤##......#
..##.......#.#####.###
..########....@.¤#.#
### ##......#.#
#.......#.#
#.#...5.#.#
#######.###..5#.#
#.......# ##.@5.#
#.####### ###### #.#
#.#############
#............<#
###############


You could see Eustachio, an iron imp (summoned), a quasit (summoned) and a
crimson imp (summoned).

Vanquished Creatures
  A black bear (D:4)
  A hound (D:4)
  A jelly (D:3)
  Jessica (D:3)
  An iguana (D:3)
  A sleepcap (D:4)
  Robin (D:3)
  4 adders
  An ufetubus (D:4)
  2 worms (D:2)
  A dart slug (D:3)
  6 orcs
  9 endoplasms
  2 giant cockroaches
  10 hobgoblins
  3 jackals
  9 kobolds
  2 ball pythons
  6 bats
  A frilled lizard (D:1)
  13 goblins
  9 rats
85 creatures vanquished.

Notes
Turn   | Place    | Note
-------+----------+-------------------------------------------
     0 | D:1      | qw the Minotaur Hexslinger began the quest for the Orb.
     0 | D:1      | Reached XP level 1. HP: 16/16 MP: 1/1
     0 | D:1      | 0 ||| qw: Version: 0.3-a-52-g30416fa
     0 | D:1      | 0 ||| qw: Game counter: 6513
     0 | D:1      | 0 ||| qw: Melee chars always use a shield: true
     0 | D:1      | 0 ||| qw: God list: Okawaru
     0 | D:1      | 0 ||| qw: Allow faded altars: false
     0 | D:1      | 0 ||| qw: Do Orc after clearing Dungeon:15 true
     0 | D:1      | 0 ||| qw: Do second Lair branch before Depths: true
     0 | D:1      | 0 ||| qw: Lair rune preference: random
     0 | D:1      | 0 ||| qw: Goals: Normal
     0 | D:1      | 0 ||| PLANNING D:1-11
   176 | D:1      | Reached skill level 3 in Ranged Weapons
   201 | D:1      | Reached XP level 2. HP: 23/23 MP: 2/2
   240 | D:1      | Found Esecem's Magic Scroll Boutique.
   249 | D:1      | 249 ||| SHOPLISTING scroll of brand weapon (114 gold, have
                  | 53).
   249 | D:1      | 249 ||| SHOPLISTING scroll of enchant armour (90 gold, have
                  | 53).
   249 | D:1      | 249 ||| BUYING scroll of teleportation (36 gold).
   249 | D:1      | Bought a scroll of teleportation for 36 gold pieces
   667 | D:1      | 667 ||| UPGRADING to +0 pair of gloves.
   672 | D:1      | 672 ||| READING 2 scrolls labelled LINUASYL RESKEOR.
   673 | D:1      | 673 ||| READING scroll labelled NESMEQO FEUT.
   674 | D:1      | 674 ||| DROPPING scroll of amnesia.
   675 | D:1      | 675 ||| DROPPING scroll of poison.
   844 | D:2      | Reached XP level 3. HP: 29/29 MP: 3/3
   993 | D:2      | Reached skill level 4 in Ranged Weapons
  1382 | D:2      | 1382 ||| UPGRADING to +0 ring mail.
  1392 | D:2      | 1392 ||| DROPPING +0 robe.
  1393 | D:2      | 1393 ||| READING scroll labelled GOCKUS BUAPT.
  1394 | D:2      | 1394 ||| DRINKING 2 fuming blue potions.
  1406 | D:3      | Noticed Robin
  1415 | D:3      | Killed Robin
  1416 | D:3      | Reached skill level 1 in Armour
  1416 | D:3      | Reached XP level 4. HP: 30/36 MP: 4/4
  1416 | D:3      | 1416 ||| FLEEEEING.
  1417 | D:3      | 1417 ||| FLEEEEING.
  1418 | D:3      | 1418 ||| FLEEEEING.
  1419 | D:3      | 1419 ||| FLEEEEING.
  1420 | D:3      | 1420 ||| STAIRDANCE
  1447 | D:3      | 1447 ||| STAIRDANCE
  1474 | D:3      | 1474 ||| STAIRDANCE
  1566 | D:3      | Reached skill level 5 in Ranged Weapons
  1566 | D:3      | 1566 ||| FLEEEEING.
  1567 | D:3      | 1567 ||| FLEEEEING.
  1568 | D:3      | 1568 ||| FLEEEEING.
  1569 | D:3      | 1569 ||| FLEEEEING.
  1570 | D:3      | 1570 ||| FLEEEEING.
  1571 | D:3      | 1571 ||| FLEEEEING.
  1572 | D:3      | 1572 ||| FLEEEEING.
  1573 | D:3      | 1573 ||| FLEEEEING.
  1574 | D:3      | 1574 ||| FLEEEEING.
  1575 | D:3      | 1575 ||| FLEEEEING.
  1576 | D:3      | 1576 ||| FLEEEEING.
  1577 | D:3      | 1577 ||| FLEEEEING.
  1578 | D:3      | 1578 ||| FLEEEEING.
  1579 | D:3      | 1579 ||| FLEEEEING.
  1580 | D:3      | 1580 ||| FLEEEEING.
  1581 | D:3      | 1581 ||| FLEEEEING.
  1582 | D:3      | 1582 ||| FLEEEEING.
  1583 | D:3      | 1583 ||| FLEEEEING.
  1584 | D:3      | 1584 ||| FLEEEEING.
  1585 | D:3      | 1585 ||| FLEEEEING.
  1586 | D:3      | 1586 ||| FLEEEEING.
  1587 | D:3      | 1587 ||| FLEEEEING.
  1588 | D:3      | 1588 ||| FLEEEEING.
  1589 | D:3      | 1589 ||| FLEEEEING.
  1590 | D:3      | 1590 ||| FLEEEEING.
  1591 | D:3      | 1591 ||| FLEEEEING.
  1592 | D:3      | 1592 ||| FLEEEEING.
  1593 | D:3      | 1593 ||| FLEEEEING.
  1594 | D:3      | 1594 ||| FLEEEEING.
  1595 | D:3      | 1595 ||| FLEEEEING.
  1596 | D:3      | 1596 ||| FLEEEEING.
  1597 | D:3      | 1597 ||| FLEEEEING.
  1598 | D:3      | 1598 ||| STAIRDANCE
  1624 | D:2      | 1624 ||| READING scroll labelled QER SOOWKIMIPN.
  1642 | D:3      | 1642 ||| STAIRDANCE
  1938 | D:3      | Reached XP level 5. HP: 42/42 MP: 5/5
  2137 | D:3      | Noticed Jessica
  2143 | D:3      | Killed Jessica
  2144 | D:3      | Reached skill level 3 in Fighting
  2455 | D:3      | 2455 ||| READING scroll labelled WAICSIEPOU.
  2456 | D:3      | 2456 ||| DRINKING 2 clear potions.
  2457 | D:3      | 2457 ||| DROPPING potion of degeneration.
  2478 | D:4      | 2478 ||| STAIRDANCE
  2620 | D:4      | Noticed a black bear
  2621 | D:4      | Noticed Eustachio
  2626 | D:4      | HP: 11/45 [black bear (1)]
  2627 | D:4      | 2627 ||| READING scroll of teleportation.
  2628 | D:4      | 2628 ||| DRINKING potion of heal wounds.
  2640 | D:4      | HP: 9/45 [ufetubus (3)]
  2642 | D:4      | Reached skill level 6 in Ranged Weapons
  2653 | D:4      | HP: 11/45 [sleepcap (2)]
  2656 | D:4      | Reached XP level 6. HP: 13/52 MP: 6/6
  2682 | D:4      | 2682 ||| FLEEEEING.
  2683 | D:4      | 2683 ||| FLEEEEING.
  2684 | D:4      | 2684 ||| FLEEEEING.
  2685 | D:4      | 2685 ||| FLEEEEING.
  2686 | D:4      | 2686 ||| FLEEEEING.
  2687 | D:4      | 2687 ||| FLEEEEING.
  2688 | D:4      | 2688 ||| FLEEEEING.
  2689 | D:4      | 2689 ||| FLEEEEING.
  2690 | D:4      | 2690 ||| FLEEEEING.
  2691 | D:4      | 2691 ||| FLEEEEING.
  2692 | D:4      | 2692 ||| FLEEEEING.
  2693 | D:4      | 2693 ||| FLEEEEING.
  2694 | D:4      | 2694 ||| FLEEEEING.
  2695 | D:4      | 2695 ||| FLEEEEING.
  2696 | D:4      | 2696 ||| FLEEEEING.
  2697 | D:4      | 2697 ||| FLEEEEING.
  2698 | D:4      | 2698 ||| FLEEEEING.
  2699 | D:4      | 2699 ||| FLEEEEING.
  2700 | D:4      | 2700 ||| FLEEEEING.
  2701 | D:4      | 2701 ||| FLEEEEING.
  2702 | D:4      | 2702 ||| FLEEEEING.
  2703 | D:4      | 2703 ||| FLEEEEING.
  2704 | D:4      | 2704 ||| FLEEEEING.
  2705 | D:4      | 2705 ||| FLEEEEING.
  2706 | D:4      | 2706 ||| FLEEEEING.
  2707 | D:4      | 2707 ||| FLEEEEING.
  2708 | D:4      | 2708 ||| FLEEEEING.
  2709 | D:4      | 2709 ||| FLEEEEING.
  2710 | D:4      | 2710 ||| FLEEEEING.
  2711 | D:4      | 2711 ||| FLEEEEING.
  2712 | D:4      | 2712 ||| FLEEEEING.
  2713 | D:4      | 2713 ||| FLEEEEING.
  2714 | D:4      | 2714 ||| FLEEEEING.
  2717 | D:4      | 2717 ||| FLEEEEING.
  2718 | D:4      | 2718 ||| FLEEEEING.
  2719 | D:4      | 2719 ||| FLEEEEING.
  2720 | D:4      | 2720 ||| FLEEEEING.
  2758 | D:4      | 2758 ||| FLEEEEING.
  2759 | D:4      | 2759 ||| FLEEEEING.
  2760 | D:4      | 2760 ||| FLEEEEING.
  2761 | D:4      | 2761 ||| FLEEEEING.
  2762 | D:4      | 2762 ||| STAIRDANCE
  2862 | D:4      | 2862 ||| STAIRDANCE
  2893 | D:4      | 2893 ||| STAIRDANCE
  2902 | D:3      | HP: 13/55 [iron imp[Eustachio] (2)]
  2903 | D:3      | HP: 4/55 [iron imp[Eustachio] (5)]
  2906 | D:3      | Slain by an iron imp

Levels and vault maps discovered:
D:1:      dpeg_arrival_fog, layout_loops_cross, serial_shops, shop
D:2:      layout_loops_ring, minmay_unequal
D:3:      layout_basic, uniq_jessica, uniq_robin
D:4:      layout_cave_pools, serial_shops, nicolae_shop_pleasant_corner_grove,
          uniq_eustachio

Skill      XL: |  1  2  3  4  5  6 |
---------------+-------------------+-----
Ranged Weapons | 3 4 5 6 |  6.0
Fighting       | 2 3 4 |  4.8
Armour         | 1 |  1.2
Dodging        | |  2.1
Spellcasting   | |  1.0
Hexes          | |  2.0

Action                     |  1- 3 |  4- 6 || total
---------------------------+-------+-------++-------
   Fire: Sling             |   150 |   166 ||   316
    Use: Scroll            |     3 |     3 ||     6
         Potion            |     1 |     2 ||     3
 Armour: Robe              |     8 |       ||     8
         Ring mail         |     3 |    69 ||    72
  Dodge: Dodged            |    28 |   102 ||   130

Table legend:
 A = Non-vault XP
 B = Vault XP
 C = Vault XP percentage of total XP
 D = Non-vault monster count
 E = Vault monster count
 F = Vault count percentage of total count
                 A         B        C        D         E       F
            +---------+---------+-------+---------+---------+-------
      Total |     445 |      92 |  17.1 |      68 |      17 |  20.0
            +---------+---------+-------+---------+---------+-------
        D:1 |      30 |       0 |   0.0 |      21 |       0 |   0.0
        D:2 |      47 |      24 |  33.8 |      20 |       5 |  20.0
        D:3 |     133 |      68 |  33.8 |      17 |      12 |  41.4
        D:4 |     235 |       0 |   0.0 |      10 |       0 |   0.0
            +---------+---------+-------+---------+---------+-------
